Map: Ephemeron LE

Players

Mortlock - Winner!

  • Race: Terran Terran
  • League: Silver
  • Spawn Location: 11:00

A.I. 1 (Easy)

  • Race: Terran Terran
  • Spawn Location: 5:00

VOD

Have the link to the VOD?

Description

Time

  • Played on: Dec. 23, 2019, 7:59 a.m.
  • Length: 8:26
Show
View Real Time Build Order
Export as new Build Order

Mortlock Terran - Winner!

Build Orders:  

Get SALT Encoding   

  12  0:00  SCV  
  13  0:13  SCV  
  14  0:17  Supply Depot  
  14  0:25  SCV  
  15  0:38  SCV  
  15  0:39  Barracks  
  16  0:46  Refinery  
  16  0:50  SCV  
  17  1:02  SCV  
  18  1:15  SCV  
  19  1:27  Orbital Command  
  19  1:29  Barracks Reactor  
  19  1:43  Command Center  
  19  1:52  Supply Depot  
  19  1:58  SCV  
  20  2:10  SCV, Barracks  
  20  2:13  Marine x2  
  23  2:22  SCV  
  24  2:25  Barracks  
  24  2:34  SCV  
  24  2:35  Marine x2  
  27  2:46  SCV  
  28  2:53  Marine x2  
  30  2:58  SCV  
  30  2:59  Barracks Tech Lab  
  30  3:03  Orbital Command  
  31  3:07  Supply Depot  
  31  3:11  Marine x2  
  33  3:16  Factory  
  33  3:19  Barracks Reactor  
  33  3:24  Stimpack  
  33  3:27  Marine  
  33  3:29  Marine  
  33  3:33  Marine  
  36  3:40  Refinery, SCV  
  37  3:44  SCV  
  38  3:52  Marine x3  
  41  3:56  SCV  
  41  3:57  SCV  
  43  4:07  Supply Depot  
  43  4:11  Starport  
  43  4:12  Factory Reactor  
  43  4:13  Marine x2  
  43  4:14  Marine  
  43  4:15  Marine  
  47  4:17  Marine  
  47  4:19  SCV  
  47  4:22  SCV  
  50  4:29  Supply Depot  
  50  4:31  Marine x2  
  50  4:32  Marine  
  50  4:33  Marine  
  50  4:35  Marine  
  55  4:43  SCV  
  55  4:45  SCV  
  57  4:52  Supply Depot  
  57  4:55  Medivac x2  
  61  5:00  Marine x5  
  61  5:03  Widow Mine  
  61  5:06  SCV x2  
  70  5:08  Combat Shield  
  70  5:18  Refinery, SCV x2  
  70  5:20  Reaper  
  73  5:24  Refinery  
  73  5:30  Barracks  
  73  5:33  Barracks  
  73  5:34  Supply Depot  
  73  5:37  Engineering Bay  
  73  5:40  Supply Depot  
  73  5:51  SCV  
  73  5:53  SCV  
  75  5:59  Medivac x2  
  75  6:00  Marine x2  
  75  6:01  Marine x3  
  84  6:04  Supply Depot  
  84  6:07  Factory Tech Lab  
  84  6:10  SCV  
  85  6:14  Missile Turret  
  85  6:21  Missile Turret  
  85  6:27  Supply Depot  
  85  6:30  Supply Depot  
  85  6:32  Barracks Reactor x2  
  85  6:37  SCV  
  85  6:38  SCV  
  87  6:40  Marine  
  87  6:41  Marine  
  87  6:47  Siege Tank  
  92  6:49  SCV  
  92  6:52  Supply Depot  
  93  6:58  Supply Depot  
  93  7:03  Medivac  
  93  7:05  Medivac  
  93  7:07  Marine  
  93  7:08  Marine  
  99  7:16  Supply Depot  
  99  7:21  Marine  
  97  7:44  Marine x4  
  97  7:45  Marine x5  
  106  8:02  Marine x5  
Show
View Real Time Build Order
Export as new Build Order

A.I. 1 (Easy) Terran 

Build Orders:  

Get SALT Encoding   

  12  0:00  SCV  
  13  0:13  SCV  
  14  0:18  Supply Depot  
  14  0:25  SCV  
  15  0:40  SCV  
  16  0:44  Barracks  
  16  0:45  Refinery  
  16  1:10  Supply Depot  
  16  1:21  Refinery  
  16  1:30  Marine  
  16  1:32  Orbital Command  
  17  1:53  Barracks Tech Lab  
  17  2:10  Marine  
  17  2:14  Supply Depot  
  18  2:16  SCV  
  19  2:28  SCV  
  20  2:32  Marine  
  21  2:40  SCV  
  22  2:52  SCV  
  22  2:55  Marine  
  24  3:04  SCV  
  25  3:16  SCV  
  25  3:17  Marauder  
  28  3:39  Marauder  
  30  4:02  Marauder  
  32  6:39  Marine, SCV  
  34  6:42  Factory  
  34  6:43  Supply Depot  
  34  6:47  Command Center  
  34  6:57  Marine  
  35  7:07  Supply Depot  
  35  7:15  Marine  
  30  7:26  Starport  
  26  7:32  Marine  
  26  7:50  Marine  
  27  7:59  SCV  
  27  8:00  Hellion  
  27  8:02  Starport Tech Lab  
  28  8:11  SCV  
  20  8:14  Supply Depot  
Tags
 
League
Silver
Matchup
TvT
Race
Terran
Spawn Locations
Cross Positions
Add a new tag
Caveats
  • Supply blocks, unpowered buildings, or Contaminate may cause inaccurate times.
  • Supply counts are checked every 10 seconds.